 Dungeon Crawl Stone Soup version 0.32-a0-921-g04a7ad8e02 (webtiles) character file.

Game seed: 2674751314652149044

6595 krokodildil the Covert (level 10, -17/42 (46) HPs)
             Began as a Spriggan Alchemist on Apr 12, 2024.
             Was a Believer of Dithmenos.
             Killed by an exploding laughing skull (30 damage)
             ... ignited by their inner flame
             ... on level 9 of the Dungeon.
             The game lasted 01:09:14 (13501 turns).

krokodildil the Covert (Spriggan Alchemist)        Turns: 13501, Time: 01:09:14

HP:   -17/42 (46)   AC:  6    Str:  4    XL:     10   Next: 71%
MP:   17/25         EV: 17    Int: 20    God:    Dithmenos [**....]
Gold: 516           SH:  0    Dex: 17    Spells: 12/30 levels left

rFire   . . .        b - +1 sling (freeze)
rCold   . . .        (no shield)
rNeg    . . .        r - +0 robe
rPois   .            (helmet restricted)
rElec   .            (no cloak)
rCorr   .            (gloves unavailable)
SInv    +            (boots unavailable)
Will    +....        (no amulet)
Stlth   ++++++       J - +4 ring of protection
HPRegen 0.27/turn    (no ring)
MPRegen 0.19/turn

%: no passive effects
@: wreathed by umbra, studying Short Blades, drained, very quick
A: very small, no large weapons, unfitting armour, see invisible, speed 3
a: Renounce Religion, Shadow Step


You were on level 9 of the Dungeon.
You worshipped Dithmenos.
Dithmenos was pleased with you.
You visited 2 branches of the dungeon, and saw 11 of its levels.

You collected 516 gold pieces.

Inventory:

Hand Weapons
 a - a +1 short sword of speed
 b - a +1 sling of freezing (weapon)
 e - a +2 whip of electrocution
 H - a +2 dagger of speed
 L - a +0 dagger of flaming
Missiles
 B - 5 throwing nets
Armour
 o - an orb of energy
 r - a +0 robe (worn)
 K - +0 steam dragon scales
Magical Staves
 k - a staff of earth
 u - a staff of conjuration
Jewellery
 J - a +4 ring of protection (left hand)
Wands
 p - a wand of flame (22)
 v - a wand of light (4)
 D - a wand of polymorph (13)
 I - a wand of digging (5)
 P - a wand of mindburst (6)
Scrolls
 d - 2 scrolls of teleportation
 g - a scroll of butterflies {unknown}
 h - a scroll of torment {unknown}
 m - 2 scrolls of poison
 n - a scroll of fear {unknown}
 q - 3 scrolls of immolation
 s - 2 scrolls of enchant weapon {unknown}
 t - 3 scrolls of enchant armour {unknown}
 w - a scroll of noise {unknown}
 y - 2 scrolls of fog
 A - a scroll of vulnerability {unknown}
 E - 2 scrolls of revelation {unknown}
 F - 3 scrolls of amnesia
 M - a scroll of blinking {unknown}
 N - a scroll of identify
Potions
 c - a potion of mutation {unknown}
 f - 5 potions of lignification {unknown}
 i - a potion of resistance {unknown}
 j - 3 potions of degeneration {unknown}
 l - 4 potions of curing {unknown}
 x - a potion of magic
 z - 4 potions of heal wounds {unknown}
 C - 2 potions of attraction {unknown}
 G - 2 potions of might {unknown}
 O - a potion of ambrosia
 Q - a potion of haste {unknown}


   Skills:
 + Level 2.1 Fighting
 + Level 0.8 Short Blades
 + Level 5.3 Ranged Weapons
 + Level 3.6 Dodging
 * Level 11.7 Stealth
 + Level 10.7 Spellcasting
 + Level 3.4 Conjurations
 + Level 3.9 Hexes
 + Level 0.6 Translocations
 + Level 0.1 Fire Magic
 + Level 0.8 Air Magic
 + Level 9.1 Alchemy


You had 12 spell levels left.
You knew the following spells:

 Your Spells              Type           Power      Damage    Failure   Level
a - Sting                 Conj/Alch      100%       1d9       1%          1
b - Slow                  Hex            100%       N/A       1%          1
c - Mephitic Cloud        Conj/Alch/Air  28%        N/A       3%          3
d - Olgreb's Toxic Radia  Alch           47%        N/A       1%          4
e - Maxwell's Portable P  Tloc           13%        2d(6-17)  16%         3
f - Confusing Touch       Hex            26%        N/A       3%          3
g - Inner Flame           Hex/Fire       18%        N/A       9%          3

Your spell library contained the following spells:

 Spells                   Type           Power      Damage    Failure   Level
 Mercury Vapours          Alch/Air       60%        N/A       1%          2
 Dazzling Flash           Conj/Hex       50%        N/A       4%          3
 Sticky Flame             Fire/Alch      29%        2d7       10%         4
 Vampiric Draining        Necr           10%        2d6       19%         3
 Flame Wave               Conj/Fire      17%        2d7       30%         4
 Arcjolt                  Conj/Air       9%         1d19      58%         5
 Starburst                Conj/Fire      8%         6d4       99%         6
 Maxwell's Capacitive Co  Air            7%         ∞         100%        8


Dungeon Overview and Level Annotations

Branches:
Dungeon (10/15)            Temple (1/1) D:5            Lair (0/5) D:9
    Orc: D:9-12

Altars:
Ashenzari
Cheibriados
Dithmenos
Elyvilon
Fedhas
Gozag
Hepliaklqana
Kikubaaqudgha
Makhleb
Nemelex Xobeh
Okawaru
Qazlal
Ru
Sif Muna
Trog
Uskayaw
Vehumet
Wu Jian
Xom
Yredelemnul
Zin
The Shining One

Annotations:
D:5 2 transporters, Kasuyi's ghost, novice MiBe


Innate Abilities, Weirdness & Mutations

You are very small and have problems with some larger weapons.
You are too small for most types of armour.
You have supernaturally acute eyesight. (SInv)
You cover ground extremely quickly. (Speed+++)


Message History

There is a stone staircase leading up here.
The laughing skull chuckles harshly at the inevitable fate of oblivion.
The laughing skull gibbers with scorn.
The bolt of negative energy misses you.
The laughing skull attacks as it pursues you!
The laughing skull headbutts you but does no damage.
The laughing skull attacks as it pursues you!
The laughing skull closely misses you.
A yak comes into view.
There is a stone staircase leading up here.
You are too injured to fight recklessly!
Fire: b) +1 sling (freeze)
Press: ? - help, Shift-Dir - straight line, f - laughing skull
Aim: a laughing skull (severely damaged, inner flame, 34% to hit)
You shoot a sling bullet.
The sling bullet hits the laughing skull.
Flame seeps out of the laughing skull.
The sling bullet freezes the laughing skull.
Flame seeps out of the laughing skull.
The laughing skull is almost destroyed.
The laughing skull is engulfed in blazing flames.
Flame seeps out of the laughing skull.
The laughing skull cackles spitefully.
The bolt of negative energy hits you!
You feel drained.
You climb upwards.
There is a stone staircase leading down here.
Casting: Inner Flame (dangerous; 9% risk of failure)
Confirm with . or Enter, or press ? or * to list all spells.
Aiming: Sting (safe; 1% risk of failure)
Press: ? - help, Shift-Dir - straight line, f - laughing skull
Aim: a laughing skull (almost destroyed, inner flame, umbra, 55% to hit)
The sting hits the laughing skull.
The laughing skull partially resists.
Flame seeps out of the laughing skull.
The laughing skull is almost destroyed.
The laughing skull is engulfed in blazing flames.
Dithmenos accepts your kill.
The laughing skull explodes!
The fiery explosion engulfs you!!
Ouch! That really hurt!
You die...

#################################
.........................).......
.......#...............#####..###
#####..#.........##....†..†...###
......†..........................
..<#######'######################
##.+.).)...#......#
##.#...)...#...§@.#
##.#..)....#..§○§.#
...#.########'#####
..##.########...#
..#.............#
..#.............#
..#.............# .#..#
.##.............# .#..#
...########..#########....#


There were no monsters in sight!

Vanquished Creatures
  A two-headed ogre (D:9)
  A manticore (D:5)
  A kobold demonologist (D:5)
  Jeremiah (D:6)
  A rime drake (D:9)
  A troll (D:7)
  A wyvern (D:9)
  5 yaks
  A steam dragon (D:8)
  A water moccasin (D:5)
  2 black bears
  3 orc warriors (D:9)
  2 ogres (D:5)
  A laughing skull (D:9)
  5 ice beasts
  4 wolves (D:9)
  A centaur (D:8)
  A kobold brigand (D:5)
  2 phantoms
  Blork the orc (D:6)
  A bullfrog (D:7)
  2 scorpions (D:5)
  4 wights (D:7)
  8 killer bees
  4 howler monkeys
  2 bombardier beetles
  A hound (D:3)
  3 orc priests
  4 jellies
  2 sleepcaps
  7 iguanas
  3 orc wizards
  6 gnolls
  6 adders
  2 white imps
  2 ufetubi (D:6)
  2 dart slugs
  A ribbon worm (D:2)
  28 orcs
  10 ball pythons
  6 endoplasms
  7 giant cockroaches
  15 goblins
  8 hobgoblins
  5 quokkas
  5 bats
  4 frilled lizards (D:1)
  15 kobolds
  7 rats
206 creatures vanquished.

Notes
Turn   | Place    | Note
-------+----------+-------------------------------------------
     0 | D:1      | krokodildil the Spriggan Alchemist began the quest for the
                  | Orb.
     0 | D:1      | Reached XP level 1. HP: 9/9 MP: 5/5
   307 | D:1      | Reached XP level 2. HP: 13/13 MP: 4/6
  1039 | D:1      | Reached XP level 3. HP: 16/16 MP: 6/8
  1627 | D:2      | Reached skill level 1 in Conjurations
  1862 | D:2      | Found a faded altar of an unknown god.
  2007 | D:2      | Reached skill level 4 in Stealth
  2007 | D:2      | Reached XP level 4. HP: 6/21 MP: 6/10
  2744 | D:3      | Learned a level 1 spell: Slow
  2798 | D:3      | Learned a level 3 spell: Mephitic Cloud
  2803 | D:3      | Learned a level 4 spell: Olgreb's Toxic Radiance
  3239 | D:3      | Reached XP level 5. HP: 24/24 MP: 8/11
  3705 | D:4      | Reached skill level 5 in Stealth
  3793 | D:4      | Noticed a phantom
  3873 | D:4      | Reached XP level 6. HP: 28/28 MP: 8/13
  4281 | D:4      | Learned a level 3 spell: Maxwell's Portable Piledriver
  4660 | D:4      | Reached skill level 5 in Alchemy
  4861 | D:5      | Entered Level 5 of the Dungeon
  4944 | D:5      | Reached skill level 1 in Hexes
  5202 | D:5      | Reached skill level 6 in Stealth
  5205 | D:5      | Reached skill level 5 in Spellcasting
  5259 | D:5      | Reached XP level 7. HP: 32/32 MP: 10/15
  5290 | D:5      | Found a staircase to the Ecumenical Temple.
  5299 | Temple   | Entered the Ecumenical Temple
  5325 | Temple   | Became a worshipper of Dithmenos the Shadowed
  5654 | D:5      | Noticed Kasuyi's ghost (novice MiBe)
  5658 | D:5      | Found a transporter.
  5660 | D:5      | Found a transporter.
  6273 | D:5      | Reached skill level 7 in Stealth
  6870 | D:6      | Noticed Jeremiah
  6976 | D:5      | Reached XP level 8. HP: 35/36 MP: 7/19
  7283 | D:5      | Learned a level 3 spell: Confusing Touch
  7608 | D:6      | Killed Jeremiah
  7608 | D:6      | Noticed Blork the orc
  7609 | D:6      | Reached skill level 1 in Ranged Weapons
  7609 | D:6      | Reached skill level 8 in Stealth
  7621 | D:6      | Noticed a kobold demonologist
  7654 | D:5      | Killed a kobold demonologist
  7836 | D:5      | Reached * piety under Dithmenos
  7837 | D:5      | Reached skill level 1 in Fighting
  7902 | D:6      | Killed Blork the orc
  7903 | D:6      | Reached XP level 9. HP: 41/41 MP: 10/22
  8326 | D:6      | Found a hazy altar of Hepliaklqana.
  8327 | D:6      | Found an ancient bone altar of Kikubaaqudgha.
  8333 | D:6      | Found a shimmering altar of Xom.
  8334 | D:6      | Found a shimmering blue altar of Sif Muna.
  8336 | D:6      | Found a stormy altar of Qazlal.
  8336 | D:6      | Found an iron altar of Okawaru.
  8337 | D:6      | Found a white marble altar of Elyvilon.
  8341 | D:6      | Found a glowing golden altar of the Shining One.
  8344 | D:6      | Found a snail-covered altar of Cheibriados.
  8825 | D:6      | Noticed a manticore
  9213 | D:5      | Reached skill level 9 in Stealth
  9245 | D:5      | Killed a manticore
  9550 | D:6      | Found a basalt altar of Yredelemnul.
  9550 | D:6      | Found a sparkling altar of Nemelex Xobeh.
  9550 | D:6      | Found a hide-covered altar of Uskayaw.
  9818 | D:7      | Noticed a troll
  9831 | D:7      | Killed a troll
 10273 | D:7      | Reached skill level 10 in Stealth
 11459 | D:8      | Reached XP level 10. HP: 46/46 MP: 7/24
 11846 | D:9      | Reached ** piety under Dithmenos
 12131 | D:9      | Reached skill level 11 in Stealth
 12180 | D:9      | Noticed a two-headed ogre
 12194 | D:9      | Killed a two-headed ogre
 12195 | D:9      | Reached skill level 5 in Ranged Weapons
 12195 | D:9      | Reached skill level 10 in Spellcasting
 12266 | D:9      | Learned a level 3 spell: Inner Flame
 12400 | D:9      | Found a staircase to the Lair.
 13455 | D:9      | Noticed a cyclops
 13455 | D:9      | Noticed a purple ugly thing
 13455 | D:9      | Noticed a green ugly thing
 13486 | D:10     | Entered Level 10 of the Dungeon
 13501 | D:9      | Killed by an exploding laughing skull... ignited by their
                  | inner flame

Illustrated notes

Levels and vault maps discovered:
D:1:      roderic_crop_circles_arrival_small, layout_loops_ring,
          roderic_roman_lattice, kennysheep_crisscross
D:2:      layout_loops_cross, hellmonk_ecumenical_altar_slurped_away,
          st_stairs_7
D:3:      layout_loops_cross, minmay_goblin_kobold_house
D:4:      layout_rooms
D:5:      layout_gridville, minmay_temple_entry_poolview, gammafunk_ghost_hive
D:6:      layout_rooms, nicolae_overflow_hallway_of_the_gods, minitemple,
          minmay_manual_moon, uniq_jeremiah, uniq_blork_the_orc
D:7:      layout_rooms
D:8:      layout_basic
D:9:      minmay_shrinking_squares, layout_stronghold, hellmonk_lair_entry_icy
D:10:     layout_basic, david_orc_4, einodemon_armed_red_devil_minivault
Temple:   jpeg_temple_alley_garden

Skill      XL: |  1  2  3  4  5  6  7  8  9 10 |
---------------+-------------------------------+-----
Spellcasting   | 3 4 5 6 8 9 10 | 10.7
Alchemy        | 4 5 6 7 9 |  9.1
Conjurations   | 1 2 3 |  3.4
Stealth        | 4 5 6 7 8 10 11 | 11.7
Hexes          | 1 2 3 |  3.9
Dodging        | 3 |  3.6
Ranged Weapons | 2 4 5 |  5.3
Fighting       | 1 2 |  2.1
Short Blades   | |  0.8
Translocations | |  0.6
Fire Magic     | |  0.1
Air Magic      | |  0.8

Action                     |  1- 3 |  4- 6 |  7- 9 | 10-12 || total
---------------------------+-------+-------+-------+-------++-------
  Melee: Unarmed           |     8 |       |       |       ||     8
         Staff             |     1 |     4 |     8 |       ||    13
         Short sword       |       |    18 |     6 |       ||    24
         Dagger            |       |       |     8 |       ||     8
   Fire: Sling             |       |       |   136 |    58 ||   194
   Cast: Sting             |    78 |   108 |   145 |     3 ||   334
         Olgreb's Toxic Ra |       |     8 |    48 |    17 ||    73
         Slow              |       |    30 |    10 |     1 ||    41
         Mephitic Cloud    |       |     2 |    20 |     6 ||    28
         Maxwell's Portabl |       |       |     1 |       ||     1
         Confusing Touch   |       |       |    24 |     1 ||    25
         Inner Flame       |       |       |       |     7 ||     7
    Use: Scroll            |       |       |     5 |       ||     5
 Armour: Robe              |     8 |    14 |    34 |    10 ||    66
  Dodge: Dodged            |    16 |    12 |    62 |    23 ||   113

Table legend: (Time is in decaauts)
 A = Elapsed time spent in this place.
 B = Non-inter-level travel time spent in this place.
 C = Inter-level travel time spent in this place.
 D = Time resting spent in this place.
 E = Time spent auto-exploring this place.
 F = Levels seen in this place.
 G = Mean time per level.
                   A        B        C        D        E       F      G
               +--------+--------+--------+--------+--------+-----+--------+
         Total |  10586 |  10206 |    380 |   4234 |   3457 |  11 |  962.4 |
       Dungeon |  10553 |  10203 |    350 |   4234 |   3457 |  10 | 1055.3 |
        Temple |     32 |      3 |     29 |      0 |      0 |   1 |   32.0 |
               +--------+--------+--------+--------+--------+-----+--------+

Top non-repeatable levels by time:
     D:5: 2896 daAuts
     D:9: 1348 daAuts
     D:1: 1054 daAuts
     D:7: 979 daAuts
     D:4: 968 daAuts
     D:3: 913 daAuts
     D:6: 831 daAuts
     D:2: 829 daAuts
     D:8: 722 daAuts
  Temple: 32 daAuts
    D:10: 9 daAuts
